 Dungeon Crawl Stone Soup version 0.31-b1-17-gcfd88c8481 (webtiles) character file.

Game seed: 8964825989212924460

25 Esekla the Sneak (level 3, 26/26 HPs)
             Began as an Octopode Delver on Jan 15, 2024.
             Quit the game on level 5 of the Dungeon.
             The game lasted 00:01:31 (132 turns).

Esekla the Sneak (Octopode Delver)                   Turns: 132, Time: 00:01:32

Health: 26/26      AC:  1    Str: 11    XL:     3   Next: 6%
Magic:  3/3        EV: 13    Int: 14    God:
Gold:   51         SH:  0    Dex: 13    Spells: 2/2 levels left

rFire   . . .        h - +0 dagger
rCold   . . .        (no shield)
rNeg    . . .        (helmet restricted)
rPois   .            (no amulet)
rElec   .            (no ring)
rCorr   .            (no ring)
SInv    .            (no ring)
Will    .....        (no ring)
Stlth   +++++        (no ring)
HPRegen 0.24/turn    (no ring)
MPRegen 0.08/turn    (no ring)
                     (no ring)

%: no passive effects
@: no status effects
A: almost no armour, amphibious, 8 rings, camouflage 1, gelatinous body 1,
(nimble swimmer 1), tentacles
a: no special abilities


You were on level 5 of the Dungeon.
You visited 1 branch of the dungeon, and saw 1 of its levels.

You collected 51 gold pieces.

Inventory:

Hand Weapons
 a - a +0 falchion
 h - a +0 dagger (weapon)
Missiles
 c - 7 poisoned darts (quivered)
Wands
 f - a wand of digging (3)
Scrolls
 b - a scroll of fog
 g - 2 scrolls of identify {unknown}
Potions
 d - a potion of magic {unknown}
 e - a potion of haste


   Skills:
 + Level 3.1 Fighting
 + Level 2.0 Long Blades
 + Level 2.0 Dodging
 + Level 7.5 Stealth


You had 2 spell levels left.
You didn't know any spells.
Your spell library was empty.

Dungeon Overview and Level Annotations

Branches:
Dungeon (5/15)
 Temple: D:4-7

Altars:
Qazlal

Annotations:
D:5 1 transporter, occam's ghost, amateur OpSh


Innate Abilities, Weirdness & Mutations

You cannot wear most types of armour.
You are amphibious.
You can wear up to eight rings at the same time.
Your skin changes colour to match your surroundings (Stealth+).
Your rubbery body absorbs attacks. (AC +1, EV +1)
((You are camouflaged when in or above water. (Stealth+)))
You have tentacles for arms and can constrict up to eight enemies at once.


Message History

You see here 14 gold pieces.
You now have 25 gold pieces (gained 14).
Found 8 stones.
You now have 37 gold pieces (gained 12).
Found a metallic coppery potion.
An iguana comes into view.
Found 3 poisoned darts.
Found a stormy altar of Qazlal.
Found a scale mail.
You see here a metallic coppery potion.
d - a metallic coppery potion
h - a +0 dagger (weapon)
The helpless iguana fails to defend itself.
You impale the iguana!!
You kill the iguana!
Your Stealth skill increases to level 7!
You have reached level 2!
You have reached level 3!
Your experience leads to an increase in your attributes!
Increase (S)trength, (I)ntelligence, or (D)exterity?
You feel clever. x2
You see here an iguana corpse.
c - 7 poisoned darts (gained 3)
Found a hand axe.
Found 5 stones.
Found 14 gold pieces.
You see here 5 stones.
You now have 51 gold pieces (gained 14).
Found a rapier.
Found a transporter.
Found a +6 ring of dexterity.
Occam's ghost turns its malevolent gaze towards you.
Found a stone staircase leading up.
The quasit gives a chilling moan. x2
A gnoll sergeant and 3 gnolls come into view.
The gnoll sergeant is wielding a +5 trident of venom.
Found 9 gold pieces.
Found a stone staircase leading down.
Occam's ghost waves a bulging coin purse at you.
You see here a +0 rapier.
Are you sure you want to abandon this character and quit the game? (Confirm with "yes".)

########### #.........#
#.........# ***** #.........#
,,,,* #.........# ***,*
###.........#
#.#######.....@.....#
#.........#.........#
#####..####.........#
#####......#..........#
......)..........(###########
.#####..........)..##.......#
##...###...........##.......#
.....W5#....................#
.#.#..5#...........##.......#


There were no monsters in sight!

Vanquished Creatures
  An iguana (D:5)
1 creature vanquished.

Notes
Turn   | Place    | Note
-------+----------+-------------------------------------------
     0 | D:5      | Esekla the Octopode Delver began the quest for the Orb.
     0 | D:5      | Reached XP level 1. HP: 16/16 MP: 1/1
    10 | D:5      | Noticed a scorpion
    28 | D:5      | Noticed an ogre
    57 | D:5      | Noticed an iguana
    61 | D:5      | Found a stormy altar of Qazlal.
    66 | D:5      | Killed an iguana
    67 | D:5      | Reached skill level 7 in Stealth
    67 | D:5      | Reached XP level 2. HP: 21/21 MP: 2/2
    67 | D:5      | Reached XP level 3. HP: 26/26 MP: 3/3
   102 | D:5      | Found a transporter.
   104 | D:5      | Noticed occam's ghost (amateur OpSh)
   113 | D:5      | Noticed a gnoll sergeant
   132 | D:5      | Quit the game

Illustrated notes

Levels and vault maps discovered:
D:5:      layout_rooms, lemuel_crystal_altar, gammafunk_ghost_stat_death

Skill      XL: |  1 |
---------------+----+-----
Stealth        | 7 |  7.5
Fighting       | |  3.1
Long Blades    | |  2.0
Dodging        | |  2.0

Action                     || total
---------------------------++-------
  Melee: Dagger            ||     1
    Use: Scroll            ||     2
   Stab: Sleeping          ||     1
